 Dungeon Crawl Stone Soup version 0.14.0-15-g6b16f67 (webtiles) character file.

93 Kejsarherre the Digger (level 3, -1/19 HPs)
             Began as a Deep Elf Earth Elementalist on Apr 18, 2014.
             Slain by an adder (3 damage)
             ... on Level 2 of the Dungeon.
             The game lasted 00:03:59 (1135 turns).

Kejsarherre the Digger (DEEE)                       Turns: 1135, Time: 00:03:59

HP  -1/19        AC  2     Str 13      XL: 3   Next: 91%
MP   0/11        EV 19     Int 20      God:
Gold 29          SH  0     Dex 15      Spells:  2 memorised,  5 levels left

rFire  + . .     SeeInvis .     a - +1,+0 short sword
rCold  + . .     Clarity  .     c - +0 robe
rNeg   . . .     Conserve .     (no shield)
rPois  +         rCorr    .     (no helmet)
rElec  +         rRot     .     (no cloak)
SustAb . .       Spirit   .     (no gloves)
rMut   .         Warding  .     (no boots)
Saprov . . .     Stasis   .     (no amulet)
MR     .....                    g - +6 ring of evasion
                                e - +3 ring of strength

@: mighty, lethally poisoned, not resistant to hostile enchantments, fairly
stealthy
A: no striking features
a: no special abilities


You were on level 2 of the Dungeon.
You were very hungry.

You visited 1 branch of the dungeon, and saw 2 of its levels.

You collected 29 gold pieces.

Inventory:

Hand weapons
 a - a +1,+0 short sword (weapon)
Missiles
 b - 11 stones (quivered)
Armour
 c - a +0 robe (worn)
Comestibles
 f - 3 bread rations
 j - a choko
 m - a pear
Scrolls
 k - a scroll of enchant armour {unknown}
 l - 2 scrolls of identify {unknown}
Jewellery
 e - a +3 ring of strength (left hand)
 g - a +6 ring of evasion (right hand)
Potions
 o - a potion of resistance
Books
 d - a book of Geomancy

   Spells                             Type                      Level
   *Sandblast                         Earth                        1
   Stoneskin                          Transmutation/Earth          2
   Passwall                           Transmutation/Earth          3
   *Stone Arrow                       Conjuration/Earth            3
   Petrify                            Transmutation/Earth          4
   Lee's Rapid Deconstruction         Earth                        5


   Skills:
 - Level 2.4 Dodging
 - Level 2.4 Stealth
 + Level 3.5 Spellcasting
 + Level 0.4 Conjurations
   Level 1.1 Transmutations
 + Level 5.0 Earth Magic


You had 5 spell levels left.
You knew the following spells:

 Your Spells              Type           Power        Failure   Level  Hunger
a - Sandblast             Erth           ###...       1%          1    None
b - Stone Arrow           Conj/Erth      ##....       14%         3    ###....


Dungeon Overview and Level Annotations

Branches:
Dungeon (2/15)

Altars:


Message History

Confirm with . or Enter, or press ? or * to list all spells.
Aiming: Stone Arrow
Press: ? - help, Shift-Dir - straight line, f/p - Ijyb
Aim: Ijyb, wielding a dagger and wearing a leather armour (severely wounded)
The stone arrow misses the adder.
The stone arrow hits Ijyb.
You kill Ijyb!
Your Earth Magic skill increases to level 5!
You are feeling very hungry.
The adder barely misses you. The adder misses you.
Unknown command.
You are too injured to fight recklessly!
You are too injured to fight recklessly!
You are too injured to fight recklessly!
You are too injured to fight recklessly!
You barely miss the adder. The adder bites you.
* * * LOW HITPOINT WARNING * * *
You barely miss the adder.
* * * LOW HITPOINT WARNING * * *
You feel sick. The adder bites you.
You die...

..###.#.#####.............#####..
.................................
..#.#..................)#####>...
#.....###.#.#.####+##.# #.###
#...#.......#.##....#.# #....
#......##..##.##....#.#####..##
#.#.#......#........#.#........
...#.#...#.##..##.#.##.#.###...#
.........^.....@S)#.##.#.# #...#
##.###.#.########.##.#.# #...# #.
#.#.............#.###...# #
###.########.####.##....#
###.#### #.# #.##..#.# #......#
#.####.##..#.# #......#
#.......#..#.# #......#
######..#..#.# #......#
###..#..#.#


You could see an adder.

Vanquished Creatures
  Ijyb (D:2)
  An adder (D:2)
  A giant mite (D:1)
  A giant gecko (D:1)
  4 goblins (D:1)
  A hobgoblin (D:2)
  3 jackals (D:2)
  5 bats
  4 giant cockroaches
  A giant newt (D:1)
  5 kobolds
  2 rats
29 creatures vanquished.

Notes
Turn   | Place    | Note
--------------------------------------------------------------
     0 | D:1      | Kejsarherre, the Deep Elf Earth Elementalist, began the quest for the Orb.
     0 | D:1      | Reached XP level 1. HP: 10/10 MP: 5/5
   291 | D:1      | Reached XP level 2. HP: 13/15 MP: 4/8
   295 | D:1      | Reached skill level 4 in Earth Magic
   825 | D:2      | Reached XP level 3. HP: 19/19 MP: 7/10
   831 | D:2      | Learned a level 3 spell: Stone Arrow
  1045 | D:2      | Noticed Ijyb
  1133 | D:2      | Killed Ijyb
  1133 | D:2      | Reached skill level 5 in Earth Magic
  1135 | D:2      | Slain by an adder

Action                   || total
-------------------------++-------
Melee: Short sword       ||    59
 Cast: Sandblast         ||    36
       Stone Arrow       ||     2
  Use: Potion            ||     4
 Stab: Sleeping          ||     1
